 Dungeon Crawl Stone Soup version 0.32-a0-361-g289a535e89 (webtiles) character file.

Game seed: 14606872181918791175

35 ytrimaz the Chopper (level 3, -6/27 HPs)
             Began as a Coglin Gladiator on Feb 19, 2024.
             Mangled by Sigmund
             ... wielding a +1 scythe of protection
              (7 damage)
             ... on level 2 of the Dungeon.
             The game lasted 00:00:51 (932 turns).

ytrimaz the Chopper (Coglin Gladiator)               Turns: 932, Time: 00:00:52

Health: -6/27      AC:  4    Str: 16    XL:     3   Next: 35%
Magic:  3/3        EV: 12    Int:  7    God:
Gold:   104        SH:  0    Dex: 15    Spells: 2/2 levels left

rFire   . . .        a - +0 war axe {Tiberia}
rCold   . . .        i - +0 war axe {Ashmeen}
rNeg    . . .        b - +0 leather armour
rPois   .            c - +0 helmet
rElec   .            (no cloak)
rCorr   .            (no gloves)
SInv    .            (no boots)
Will    .....        (no amulet)
Stlth   +            (no ring)
HPRegen 0.24/turn    (no ring)
MPRegen 0.08/turn

%: no passive effects
@: confused, mighty, revving, stiff-legged, very slow
A: off-hand wielding, slow wielding, warmup strikes, warmup strides
a: no special abilities


You were on level 2 of the Dungeon.
You visited 1 branch of the dungeon, and saw 2 of its levels.

You collected 104 gold pieces.


Innate Abilities, Weirdness & Mutations

You can wield a second weapon in your off-hand.
It takes a long time for you to wield or remove held weapons.
Your first few attacks do less damage.
Your first movements take longer.


   Skills:
 - Level 2.0 Fighting
 + Level 4.3 Axes
 - Level 1.7 Throwing
 - Level 2.6 Dodging


You had 2 spell levels left.
You didn't know any spells.
Your spell library was empty.

Inventory:

Hand Weapons
 a - a +0 war axe (weapon) {Tiberia}
 i - a +0 war axe (worn) {Ashmeen}
   (You found it on level 1 of the Dungeon)
Missiles
 d - 3 throwing nets (quivered)
 e - a javelin
Armour
 b - a +0 leather armour (worn)
 c - a +0 helmet (worn)
Jewellery
 n - a ring of magical power
   (You found it on level 2 of the Dungeon)
Scrolls
 f - 4 scrolls of teleportation
 j - a scroll of torment {unknown}
 l - a scroll of enchant armour {unknown}
 m - a scroll of noise {unknown}
Potions
 g - a potion of curing
 k - a potion of cancellation {unknown}

Dungeon Overview and Level Annotations

Branches:
Dungeon (2/15) Zot: 11002

Altars:

Shops:
D:1 ?[

Annotations:
D:2 Sigmund

.####...####.....
####...##
....†......+........
+.......#
.###....####.......
####...## .# #.#..#
#...... ##.######
.###.##.# ###....
#....... ........#
...... #..#####
####.#### #..#####
#..# # #.# #g@g...#
#[.### # #.#
###.@###.# #....# #
#......#.# ##.#.# #
##.#....#.# #.#.###
..........# #......
..........### ###.###
#######.#.##########.#
#.#.......)....#
#.############## #.


You could see Sigmund, a hobgoblin and a goblin.


Message History

You slash the rat with your +0 war axe!
You kill the rat!
The rat bites you. 😕 HP[-1]
You take 1 damage, and now have 21/22 hp.
You hit the rat with your +0 war axe.
You kill the rat!
You have reached level 3!
Your experience leads to an increase in your attributes!
Increase (S)trength, (I)ntelligence, or (D)exterity?
You feel stronger. x2 😕 HP[+5] MP[+1]
You now have 27 max hp (+5).
You regained 5 hp, and now have 26/27 hp.
Your mp is fully restored (3).
An adder comes into view. 😎 HP[+1]
Your hp is fully restored (27).
An adder is nearby!
An adder is nearby!
You see here 13 gold pieces.
You barely miss the adder with your +0 war axe.
You closely miss the adder with your +0 war axe.
The adder bites you but does no damage. The adder closely misses you.
You hit the adder with your +0 war axe.
You slash the adder with your +0 war axe!
You kill the adder!
You see here an adder corpse.
Unknown command.
No target in view!
You see here an adder corpse.
You now have 104 gold pieces (gained 13).
You see here an adder corpse.
Key pressed, stopping explore.
You see here a +0 quarterstaff.
An endoplasm comes into view.
An endoplasm is nearby!
An endoplasm is nearby!
The endoplasm quivers.
The endoplasm freezes you.
You are frozen. 😕 HP[-3]
You take 3 damage, and now have 24/27 hp.
You hit the endoplasm with your +0 war axe.
You slash the endoplasm with your +0 war axe!
You kill the endoplasm! 😕 HP[+1]
m - a scroll labelled ABUWKU COAFUW 😎 HP[+2]
Your hp is fully restored (27).
n - a ring of magical power Sigmund the Dreaded comes into view.
He is wielding a +1 scythe of protection and carrying a wand of flame.
Sigmund shouts!
Sigmund zaps a wand.
The puff of flame misses you.
It was a potion of might.
You feel very mighty all of a sudden.
An adder comes into view.
Sigmund zaps a wand.
The puff of flame hits you! 😮 HP[-13]
You take 13 damage, and now have 14/27 hp.
MASSIVE DAMAGE!! (PAUSE)
A hobgoblin comes into view.
The adder hisses angrily. 😮 HP[+1] Unknown command.
A goblin comes into view. It is wielding a +0 dagger.
The goblin shouts!
The hobgoblin shouts!
Sigmund zaps a wand.
The puff of flame hits you!
* * * LOW HITPOINT WARNING * * *
You closely miss Sigmund with your +0 war axe. x2
Sigmund gestures at you while chanting.
You are confused.
The adder closely misses you. 😱 HP[-9]
You take 9 damage, and now have 6/27 hp.
MASSIVE DAMAGE!! (PAUSE)
The adder attacks as it pursues you! The adder misses you.
Sigmund hits you with a +1 scythe of protection.
* * * LOW HITPOINT WARNING * * *
The hobgoblin misses you. The adder bites you.
* * * LOW HITPOINT WARNING * * *
The hobgoblin barely misses you. Sigmund casts a spell at you.
You are more confused. 😱 HP[-4]
You take 4 damage, and now have 2/27 hp.
You slice the adder with your +0 war axe!!
You kill the adder!
You barely miss the hobgoblin with your +0 war axe.
You closely miss Sigmund with your +0 war axe.
You slash Sigmund with your +0 war axe!
You miss the hobgoblin with your +0 war axe.
The hobgoblin hits you.
* * * LOW HITPOINT WARNING * * *
Sigmund hits you with a +1 scythe of protection!
You die...
Sigmund begins carving another notch in his scythe.

Skill      XL: |  1  2 |
---------------+-------+-----
Axes           | 4 |  4.3
Fighting       | |  2.0
Throwing       | |  1.7
Dodging        | |  2.6

Action                     || total
---------------------------++-------
  Melee: War axe           ||    32
    Use: Scroll            ||     2
         Potion            ||     1
 Armour: Leather armour    ||    19
  Dodge: Dodged            ||    15

Levels and vault maps discovered:
D:1:      psy_arrival_whirlpool, layout_basic, serial_shops, shop, shop,
          minmay_misc_feat_x, amcnicky_mini_pool_small
D:2:      layout_loops_corners, uniq_sigmund, uniq_jessica, uniq_terence

Notes
Turn   | Place    | Note
-------+----------+-------------------------------------------
     0 | D:1      | ytrimaz the Coglin Gladiator began the quest for the Orb.
     0 | D:1      | Reached XP level 1. HP: 16/16 MP: 1/1
     0 | D:1      | magus.rc [v1.9.6]
    11 | D:1      | Found Ygiynyoceo's Antique Armour Emporium.
    36 | D:1      | Found Muoff's Magic Scroll Shop.
   251 | D:1      | Reached XP level 2. HP: 18/22 MP: 2/2
   804 | D:2      | Reached skill level 4 in Axes
   822 | D:2      | Reached XP level 3. HP: 26/27 MP: 3/3
   925 | D:2      | Noticed Sigmund
   929 | D:2      | HP: 6/27 [Sigmund/puff of flame (9)]
   931 | D:2      | HP: 2/27 [adder (2)]
   932 | D:2      | Mangled by Sigmund

Vanquished Creatures
  2 adders (D:2)
  A dart slug (D:1)
  A bat (D:2)
  4 endoplasms
  A hobgoblin (D:1)
  A frilled lizard (D:1)
  6 rats
16 creatures vanquished.

Table legend:
 A = Non-vault XP
 B = Vault XP
 C = Vault XP percentage of total XP
 D = Non-vault monster count
 E = Vault monster count
 F = Vault count percentage of total count
                 A         B        C        D         E       F
            +---------+---------+-------+---------+---------+-------
      Total |      65 |       0 |   0.0 |      16 |       0 |   0.0
            +---------+---------+-------+---------+---------+-------
        D:1 |      25 |       0 |   0.0 |       9 |       0 |   0.0
        D:2 |      40 |       0 |   0.0 |       7 |       0 |   0.0
            +---------+---------+-------+---------+---------+-------

Skill      XL: |  1  2 |
---------------+-------+-----
Axes           | 4 |  4.3
Fighting       | |  2.0
Throwing       | |  1.7
Dodging        | |  2.6

Action                     || total
---------------------------++-------
  Melee: War axe           ||    32
    Use: Scroll            ||     2
         Potion            ||     1
 Armour: Leather armour    ||    19
  Dodge: Dodged            ||    15

Illustrated notes

Table legend:
 A = Kills in this place as a percentage of kills in the entire game.
 B = Kills by you in this place as a percentage of kills by you in the entire game.
 C = Kills by friends in this place as a percentage of kills by friends in the entire game.
 D = Other kills in this place as a percentage of other kills in the entire game.
 E = Experience gained in this place as a percentage of experience gained in the entire game.
 F = Experience gained in this place divided by the number of levels of this place that you have seen.
                   A       B       C       D       E      F
               +-------+-------+-------+-------+-------+----------------------
         Total | 100.0 | 100.0 |   N/A |   N/A | 100.0 |  32.5
       Dungeon | 100.0 | 100.0 |   N/A |   N/A | 100.0 |  32.5
               +-------+-------+-------+-------+-------+----------------------

Table legend: (Time is in decaauts)
 A = Elapsed time spent in this place.
 B = Non-inter-level travel time spent in this place.
 C = Inter-level travel time spent in this place.
 D = Time resting spent in this place.
 E = Time spent auto-exploring this place.
 F = Levels seen in this place.
 G = Mean time per level.
                   A        B        C        D        E       F      G
               +--------+--------+--------+--------+--------+-----+--------+
         Total |    995 |    959 |     36 |      0 |    814 |   2 |  497.5 |
       Dungeon |    995 |    959 |     36 |      0 |    814 |   2 |  497.5 |
               +--------+--------+--------+--------+--------+-----+--------+

Top non-repeatable levels by time:
     D:1: 721 daAuts
     D:2: 274 daAuts
